 Dungeon Crawl Stone Soup version 0.28.0-43-g3370ac3207 (webtiles) character file.

Game seed: 3966211195253505858

605 fcSolar the Covered (level 7, 0/61 HPs)
             Began as a Minotaur Berserker on Mar 3, 2022.
             Was a Believer of Trog.
             Slain by an unseen horror (6 damage)
             ... on level 6 of the Dungeon.
             The game lasted 00:30:08 (4197 turns).

fcSolar the Covered (Minotaur Berserker)            Turns: 4197, Time: 00:30:09

Health: 0/61       AC:  8    Str: 22    XL:     7   Next: 19%
Magic:  6/6        EV: 15    Int:  4    God:    Trog [**....]
Gold:   160        SH:  0    Dex: 11    Spells: 6/6 levels left

rFire   + . .      SeeInvis .   f - +1 whip (elec)
rCold   + . .      Faith    .   (no shield)
rNeg    . . .      Spirit   .   n - +1 scale mail
rPois   .          Reflect  .   (helmet restricted)
rElec   .          Harm     .   i - scarf {rC+ rF+}
rCorr   .          Rampage  .   (no gloves)
Will    +....                   (no boots)
Stlth   ..........              (no amulet)
HPRegen 0.20/turn               m - ring of willpower
MPRegen 0.10/turn               b - +4 ring of evasion

@: on berserk cooldown, slowed, very slow
A: horns 2, retaliatory headbutt
a: Renounce Religion, Berserk, Trog's Hand


You were on level 6 of the Dungeon.
You worshipped Trog.
Trog was pleased with you.
You visited 1 branch of the dungeon, and saw 6 of its levels.

You collected 160 gold pieces.

Inventory:

Hand Weapons
 a - a +0 falchion
 f - a +1 whip of electrocution (weapon)
 l - a +0 whip of draining
 o - a +1 short sword of distortion
Missiles
 g - 111 stones (quivered)
Armour
 e - a +1 ring mail
 i - a scarf of resistance (worn)
 n - a +1 scale mail (worn)
Jewellery
 b - a +4 ring of evasion (right hand)
 m - a ring of willpower (left hand)
Wands
 h - a wand of charming (12)
 p - a wand of digging (6)
Scrolls
 c - a scroll of teleportation
 d - 4 scrolls of identify
Potions
 k - a potion of curing


   Skills:
 + Level 5.0 Fighting
 + Level 4.1 Long Blades
 + Level 3.8 Maces & Flails
 + Level 2.9 Throwing
 + Level 5.8 Armour
 + Level 2.9 Dodging
 + Level 1.3 Stealth


You had 6 spell levels left.
You didn't know any spells.
Your spell library was empty.

Dungeon Overview and Level Annotations

Branches:
Dungeon (7/15)
 Temple: D:4-7

Altars:
Qazlal
Sif Muna

Shops:
D:1 [


Innate Abilities, Weirdness & Mutations

You have a pair of horns on your head.
You reflexively headbutt those who attack you in melee.


Message History

You kill the scorpion!
Trog accepts your kill.
You feel sick.
You miss something. You headbutt something!
You feel sick. Something hits you.
You feel sick. Something barely misses you.
You are too berserk!
You are too berserk!
You feel a strong urge to attack something.
You see here 2 potions of heal wounds.
You closely miss something.
You feel sick. Something hits you! Something hits you but does no damage.
You whack something! Something hits you!
You are no longer berserk.
You are exhausted.
You feel yourself slow down.
You feel sick. Something hits you.
You feel sick.
You are no longer poisoned.
Something hits you!
* * * LOW HITPOINT WARNING * * *
Something hits you!
* * * LOW HITPOINT WARNING * * *
You see here 2 potions of heal wounds.
You feel much better. Something hits you.
Something hits you but does no damage. Something hits you. x2
Something barely misses you. x2
You see here a potion of heal wounds.
Something hits you.
* * * LOW HITPOINT WARNING * * *
Something hits you!
* * * LOW HITPOINT WARNING * * *
You see here a potion of heal wounds.
Something hits you but does no damage. Something closely misses you.
Something hits you.
* * * LOW HITPOINT WARNING * * *
Something barely misses you. Something completely misses you.
Something hits you.
* * * LOW HITPOINT WARNING * * *
Something hits you.
You die...

.# ...#. . #.#.###. #
#...#.. .# #..#.###.#
#....#... ####.#..#.#
#....#..!.# .
..#####.##.@...##$###
......................#
.
....#####.#.#######.#...
......####..#.# ..
..............#### ##
....####..)...(.....
#....#....##.####.
#.....#### .# #..##..#
.#


There were no monsters in sight!

Vanquished Creatures
  A water moccasin (D:7)
  A centaur (D:7)
  A bullfrog (D:7)
  2 scorpions
  A hound (D:7)
  A centaur skeleton (D:6)
  A jelly (D:7)
  Jessica (D:3)
  A hound skeleton (D:4)
  5 adders
  An ufetubus (D:4)
  A worm (D:3)
  2 dart slugs
  8 orcs
  4 bats
  5 endoplasms
  4 goblins
  3 hobgoblins
  2 jackals (D:3)
  5 kobolds
  7 ball pythons
  4 frilled lizards
  4 rats
65 creatures vanquished.

Notes
Turn   | Place    | Note
-------+----------+-------------------------------------------
     0 | D:1      | fcSolar the Minotaur Berserker began the quest for the Orb.
     0 | D:1      | Reached XP level 1. HP: 19/19 MP: 0/0
   464 | D:1      | Reached XP level 2. HP: 27/27 MP: 1/1
   813 | D:1      | Found a faded altar of an unknown god.
  1042 | D:1      | Found Fosmuet's Antique Armour Shoppe.
  1607 | D:2      | Reached XP level 3. HP: 18/33 MP: 2/2
  2669 | D:3      | Reached skill level 1 in Maces & Flails
  2680 | D:3      | Reached ** piety under Trog
  2819 | D:3      | Reached XP level 4. HP: 33/41 MP: 3/3
  2950 | D:3      | Reached skill level 1 in Throwing
  3199 | D:3      | Found a stormy altar of Qazlal.
  3245 | D:3      | Noticed Jessica
  3256 | D:3      | Killed Jessica
  3266 | D:3      | Found a shimmering blue altar of Sif Muna.
  3662 | D:4      | Reached XP level 5. HP: 47/47 MP: 4/4
  3921 | D:4      | You fall into a shaft and drop 3 floors!
  3921 | D:7      | Noticed a water moccasin
  3925 | D:7      | Reached XP level 6. HP: 52/53 MP: 5/5
  3936 | D:7      | Killed a water moccasin
  3937 | D:7      | Reached skill level 5 in Armour
  3937 | D:7      | Reached skill level 1 in Stealth
  4034 | D:7      | Reached skill level 5 in Fighting
  4034 | D:7      | Reached XP level 7. HP: 61/61 MP: 6/6
  4197 | D:6      | Slain by an unseen horror

Illustrated notes

Levels and vault maps discovered:
D:1:      dpeg_arrival_yet_another_circle, layout_basic, serial_shops,
          nicolae_shop_statue_plus, chequers_ecumenical_altar_grove
D:2:      layout_basic
D:3:      layout_basic, grunt_qazlal_clouds, tgw_sif
D:4:      layout_loops_corners, lightli_corner_chamber
D:6:      layout_rooms, minmay_temple_entry_enclosed_plants,
          hangedman_abyss_or_decor_stabs, grunt_decor_one_mirror
D:7:      layout_basic, kennysheep_doodads

Skill      XL: |  1  2  3  4  5  6 |
---------------+-------------------+-----
Long Blades    | 4 |  4.1
Fighting       | 4 5 |  5.0
Armour         | 3 4 5 |  5.8
Maces & Flails | 1 2 3 |  3.8
Throwing       | 1 2 |  2.9
Stealth        | 1 |  1.3
Dodging        | |  2.9

Action                   |  1- 3 |  4- 6 |  7- 9 || total
-------------------------+-------+-------+-------++-------
Melee: Falchion          |    17 |       |       ||    17
       Headbutt          |     9 |     8 |     5 ||    22
       Whip              |    59 |    81 |    14 ||   154
       Punch             |       |     1 |       ||     1
Throw: Stone             |    40 |    49 |     5 ||    94
Invok: Berserk           |       |     2 |     1 ||     3
  Use: Scroll            |     3 |     5 |       ||     8
       Potion            |     3 |     4 |     1 ||     8
 Stab: Invisible         |       |     2 |       ||     2
Armor: Animal skin       |     7 |       |       ||     7
       Ring mail         |    17 |    15 |       ||    32
       Scale mail        |       |    18 |     8 ||    26
Dodge: Dodged            |    49 |    58 |    14 ||   121
